 Dungeon Crawl Stone Soup version 0.28.0-1-gb440e238dd (webtiles) character file.

Game seed: 9357425559210038503

280 smarlow the Skirmisher (level 6, -1/56 HPs)
             Began as a Minotaur Fighter on Feb 26, 2022.
             Slain by an ogre (32 damage)
             ... on level 4 of the Dungeon.
             The game lasted 00:04:14 (3866 turns).

smarlow the Skirmisher (Minotaur Fighter)           Turns: 3866, Time: 00:04:15

Health: -1/56      AC:  2    Str: 23    XL:     6   Next: 5%
Magic:  5/5        EV: 10    Int:  8    God:
Gold:   140        SH:  5    Dex: 15    Spells: 5/5 levels left

rFire   . . .      SeeInvis .   a - +0 war axe
rCold   . . .      Faith    .   c - +0 buckler
rNeg    . . .      Spirit   .   n - +0 robe of Puarit {Harm rElec Int+3}
rPois   .          Reflect  .   (helmet restricted)
rElec   +          Harm     +   (no cloak)
rCorr   .          Rampage  .   (no gloves)
Will    +....                   (no boots)
Stlth   +.........              (no amulet)
HPRegen 0.18/turn               h - +6 ring of dexterity
MPRegen 0.09/turn               j - ring of willpower

@: no status effects
A: horns 2, retaliatory headbutt
a: no special abilities


You were on level 4 of the Dungeon.
You visited 1 branch of the dungeon, and saw 4 of its levels.

You collected 194 gold pieces.
You spent 54 gold pieces at shops.

Inventory:

Hand Weapons
 a - a +0 war axe (weapon)
Armour
 b - a +0 scale mail
 c - a +0 buckler (worn)
 n - the +0 robe of Puarit (worn) {Harm rElec Int+3}
   (You found it on level 2 of the Dungeon)

   Int:       It affects your intelligence (+3).
   rElec:     It insulates you from electricity.
   Harm:      It increases damage dealt and taken.
Jewellery
 h - a +6 ring of dexterity (left hand)
 i - a ring of protection from fire
 j - a ring of willpower (right hand)
 q - a ring of flight
 r - a ring of positive energy
Wands
 o - a wand of paralysis (8)
 p - a wand of polymorph (5)
Scrolls
 k - 4 scrolls of identify {unknown}
 m - a scroll of fog {unknown}
 t - 2 scrolls of fear {unknown}
 u - a scroll of immolation {unknown}
Potions
 d - a potion of might
 e - 2 potions of curing {unknown}
 f - a potion of brilliance {unknown}
 g - a potion of berserk rage {unknown}
 l - a potion of attraction {unknown}
 s - a potion of flight {unknown}
 v - a potion of heal wounds {unknown}


   Skills:
 * Level 5.4 Fighting
 + Level 4.2 Axes
 + Level 5.0 Armour
 + Level 5.0 Shields


You had 5 spell levels left.
You didn't know any spells.
Your spell library contained the following spells:

 Spells                   Type           Power      Damage    Failure   Level
 Summon Forest            Summ/Tloc      0%         N/A       100%        5
 Summon Mana Viper        Hex/Summ       0%         N/A       100%        5
 Summon Cactus Giant      Summ           0%         N/A       100%        6


Dungeon Overview and Level Annotations

Branches:
Dungeon (4/15)
 Temple: D:4-7

Altars:

Shops:
D:2 *


Innate Abilities, Weirdness & Mutations

You have a pair of horns on your head.
You reflexively headbutt those who attack you in melee.


Message History

You are no longer poisoned.
A hobgoblin comes into view.
A hobgoblin is nearby!
The hobgoblin shouts!
You see here a scorpion corpse.
You block the hobgoblin's attack.
You closely miss the hobgoblin. You block the hobgoblin's attack.
You slash the hobgoblin!
You kill the hobgoblin!
No target in view!
v - a green potion An endoplasm comes into view.
The endoplasm quivers.
An endoplasm is nearby!
The endoplasm freezes you.
You are frozen.
You hit the endoplasm but do no damage. The endoplasm freezes you.
You are frozen.
The endoplasm barely misses you.
You barely miss the endoplasm. You block the endoplasm's attack.
You barely miss the endoplasm. You headbutt the endoplasm.
You kill the endoplasm!
No target in view!
An ogre comes into view. It is wielding a +0 giant club.
The ogre shouts!
The ogre hits you with a +0 giant club!!
You completely miss the ogre. Your headbutt misses the ogre.
You block the ogre's attack.
You barely miss the ogre. You block the ogre's attack.
You slash the ogre!
The ogre is moderately wounded.
You block the ogre's attack.
You hit the ogre. Your headbutt misses the ogre.
The ogre is heavily wounded.
The ogre barely misses you.
You barely miss the ogre.
The ogre is heavily wounded.
The ogre hits you with a +0 giant club!!
Ouch! That really hurt!
You die...

#.#
#.##.##.#
#.##
#.##....#
#..#
#.####..#
##.##
#.####..#
#..#
#.......#
#######.#
######.))
........#
###.##
.#..#...#
####...##
.......@#
#.......#
.......O#
#.##.##.#
........#
#.##.##.#
.#..#...#
#)##.)...
........#
#.#####..
#########
#.......#
#######.#
#.# #.#


You could see an ogre.

Vanquished Creatures
  A scorpion (D:4)
  An orc wizard (D:3)
  A hound skeleton (D:3)
  6 gnolls
  2 adders (D:2)
  An ufetubus (D:4)
  4 dart slugs
  6 orcs
  6 bats
  9 endoplasms
  A giant cockroach (D:2)
  14 goblins
  10 hobgoblins
  4 quokkas
  10 ball pythons
  3 frilled lizards
  2 rats
81 creatures vanquished.

Notes
Turn   | Place    | Note
-------+----------+-------------------------------------------
     0 | D:1      | smarlow the Minotaur Fighter began the quest for the Orb.
     0 | D:1      | Reached XP level 1. HP: 19/19 MP: 0/0
    13 | D:1      | Found a faded altar of an unknown god.
   265 | D:1      | Reached XP level 2. HP: 22/27 MP: 1/1
   849 | D:2      | Reached XP level 3. HP: 32/33 MP: 2/2
   985 | D:2      | Reached XP level 4. HP: 23/40 MP: 3/3
  1118 | D:2      | Found Wooguez's Assorted Antiques.
  1125 | D:2      | Bought a scroll labelled BEADGH CUSI for 27 gold pieces
  1125 | D:2      | Bought a scroll labelled WIEQIZ YLAGYU for 27 gold pieces
  1443 | D:2      | Identified the +0 robe of Puarit {Harm rElec Int+3}
  2497 | D:3      | Reached XP level 5. HP: 45/47 MP: 4/4
  3214 | D:4      | Reached skill level 5 in Fighting
  3647 | D:4      | Reached skill level 5 in Armour
  3647 | D:4      | Reached skill level 5 in Shields
  3647 | D:4      | Reached XP level 6. HP: 41/56 MP: 5/5
  3866 | D:4      | Slain by an ogre

Illustrated notes

Levels and vault maps discovered:
D:1:      dpeg_arrival_arbitrary_c, layout_basic,
          hellmonk_ecumenical_altar_run_dry, minmay_hedge_maze
D:2:      layout_rooms, serial_shops, nicolae_shop_crystal, minmay_tromino_v4_c
D:3:      layout_basic, minmay_goblin_outpost
D:4:      layout_loops_cross, temple_hall

Skill      XL: |  1  2  3  4  5 |
---------------+----------------+-----
Shields        | 4 5 |  5.0
Armour         | 4 5 |  5.0
Fighting       | 4 5 |  5.4
Axes           | 3 4 |  4.2

Action                   |  1- 3 |  4- 6 || total
-------------------------+-------+-------++-------
Melee: War axe           |    73 |    89 ||   162
       Headbutt          |    19 |    10 ||    29
  Use: Scroll            |     1 |       ||     1
 Stab: Sleeping          |       |     3 ||     3
Armor: Scale mail        |    37 |     4 ||    41
       Robe              |       |     8 ||     8
Dodge: Dodged            |    46 |    37 ||    83
Block: Buckler           |    13 |    24 ||    37
